TOP OF THE 1ST |
Gryfindor Braves batting - Pitching for Tortolita Drummers : RHP Kabeya Kasongo
|
Pitching: RHP Kabeya Kasongo
|
|
Batting: LHB Tyler Knopp
|
0-0: Ball 1-0: Called Strike 1-1: Ball 2-1: Ground out 4-3 (Groundball, 4S)
|
Batting: RHB Javier López
|
0-0: Ball 1-0: Ball 2-0: Foul Ball, location: 2F 2-1: SINGLE (Line Drive, 6M)
|
Batting: RHB Akke Derksen
|
0-0: Swinging Strike 0-1: Ball 1-1: Foul Ball, location: 2F 1-2: Strikes out looking
|
Batting: LHB Robby Young
|
0-0: Foul Ball, location: 2F 0-1: Ball 1-1: Called Strike 1-2: Ground out U3 (Groundball, 3S)
|
Top of the 1st over - 0 runs, 1 hit, 0 errors, 1 left on base; Gryfindor 0 - Tortolita 0 |
BOTTOM OF THE 1ST |
Tortolita Drummers batting - Pitching for Gryfindor Braves : RHP Harrison Dunning
|
Pitching: RHP Harrison Dunning
|
|
Batting: RHB Scotty Glenn
|
0-0: Ball 1-0: Foul Ball, location: 2F 1-1: DOUBLE (Line Drive, 9LS)
|
Batting: RHB Otis Brewer
|
Balk! Scotty Glenn to third 0-0: DOUBLE (Flyball, 89XD) Scotty Glenn scores
|
Batting: RHB Jesús Martínez
|
0-0: Called Strike 0-1: Ball 1-1: Foul Ball, location: 2F 1-2: SINGLE (Flyball, 56D) Otis Brewer to third
|
Batting: LHB Glen Allen Mixon
|
0-0: Ball 1-0: Fly out, F9 (Flyball, 89M) Runner from 3rd tags up, SCORES, throw made
|
Batting: RHB Mun-wah Law
|
0-0: Called Strike 0-1: Grounds into double play, 6-4-3 (Groundball, 6)
|
Bottom of the 1st over - 2 runs, 3 hits, 0 errors, 0 left on base; Gryfindor 0 - Tortolita 2 |
TOP OF THE 2ND |
Gryfindor Braves batting - Pitching for Tortolita Drummers : RHP Kabeya Kasongo
|
Batting: LHB Austin Hathaway
|
0-0: Called Strike 0-1: Foul Ball, location: 2F 0-2: Ball 1-2: Ball 2-2: Foul Ball, location: 2F 2-2: Foul Ball, location: 2F 2-2: Ball 3-2: Foul Ball, location: 2F 3-2: Base on Balls
|
Batting: LHB Cris Gonzáles
|
0-0: Called Strike 0-1: Swinging Strike 0-2: Ball 1-2: SINGLE (Groundball, 3) (infield hit) Austin Hathaway to second
|
Batting: RHB Randy Rehling
|
0-0: Ball 1-0: Called Strike 1-1: Fly out, F4 (Line Drive, 4)
|
Batting: RHB Bob Petiet
|
0-0: Ball 1-0: Grounds into double play, 6-4-3 (Groundball, 6)
|
Top of the 2nd over - 0 runs, 1 hit, 0 errors, 1 left on base; Gryfindor 0 - Tortolita 2 |
BOTTOM OF THE 2ND |
Tortolita Drummers batting - Pitching for Gryfindor Braves : RHP Harrison Dunning
|
Batting: RHB Tomás Costello
|
0-0: Ball 1-0: Foul Ball, location: 2F 1-1: Ball 2-1: DOUBLE (Line Drive, 7LM)
|
Batting: RHB Dave Sienna
|
0-0: Fly out, F7 (Flyball, 7LM)
|
Batting: RHB Vincent Klein
|
0-0: Ball Wild Pitch! Tomás Costello to third 1-0: Ball 2-0: Swinging Strike 2-1: Ball 3-1: Base on Balls
|
Batting: SHB Fernando Rincón
|
0-0: Ball 1-0: Called Strike 1-1: Swinging Strike 1-2: Foul Ball, location: 2F 1-2: Foul Ball, location: 2F 1-2: Strikes out swinging
|
Batting: RHB Scotty Glenn
|
0-0: Reached on error, E6 (Groundball, 6) Tomás Costello scores Vincent Klein to second
|
Batting: RHB Otis Brewer
|
0-0: Called Strike 0-1: Foul Ball, location: 2F 0-2: Foul Ball, location: 2F 0-2: Foul Ball, location: 2F 0-2: Ball 1-2: Ball 2-2: Ball 3-2: Fly out, F7 (Flyball, 7D)
|
Bottom of the 2nd over - 1 run, 1 hit, 1 error, 2 left on base; Gryfindor 0 - Tortolita 3 |
TOP OF THE 3RD |
Gryfindor Braves batting - Pitching for Tortolita Drummers : RHP Kabeya Kasongo
|
Batting: RHB Ernesto Souza
|
0-0: Fly out, F8 (Flyball, 8LM)
|
Batting: LHB Tyler Knopp
|
0-0: Foul Ball, location: 2F 0-1: Ball 1-1: Ball 2-1: Ground out 4-3 (Groundball, 4)
|
Batting: RHB Javier López
|
0-0: Ball 1-0: Called Strike 1-1: Ground out 5-3 (Groundball, 5)
|
Top of the 3rd over - 0 runs, 0 hits, 0 errors, 0 left on base; Gryfindor 0 - Tortolita 3 |
BOTTOM OF THE 3RD |
Tortolita Drummers batting - Pitching for Gryfindor Braves : RHP Harrison Dunning
|
Batting: RHB Jesús Martínez
|
0-0: Ground out 5-3 (Groundball, 25)
|
Batting: LHB Glen Allen Mixon
|
0-0: Swinging Strike 0-1: Ball 1-1: SINGLE (Flyball, 78S)
|
Batting: RHB Mun-wah Law
|
Pickoff Throw to First - Out! 0-0: Ball 1-0: Called Strike 1-1: Ball 2-1: Swinging Strike 2-2: SINGLE (Groundball, 6MD)
|
Batting: RHB Tomás Costello
|
0-0: Ball 1-0: Foul Ball, location: 2F 1-1: Ground out 3-1 (Groundball, 34S)
|
Bottom of the 3rd over - 0 runs, 2 hits, 0 errors, 1 left on base; Gryfindor 0 - Tortolita 3 |
TOP OF THE 4TH |
Gryfindor Braves batting - Pitching for Tortolita Drummers : RHP Kabeya Kasongo
|
Batting: RHB Akke Derksen
|
0-0: Ball 1-0: Called Strike 1-1: SINGLE (Groundball, 34D)
|
Batting: LHB Robby Young
|
0-0: Ball 1-0: Ball 2-0: Ball 3-0: Called Strike 3-1: Base on Balls Akke Derksen to second
|
Batting: LHB Austin Hathaway
|
0-0: Fly out, F8 (Flyball, 8RXD) Runner from 2nd tags up, SAFE at 3rd, no throw
|
Batting: LHB Cris Gonzáles
|
0-0: Ball 1-0: Foul Ball, location: 2F 1-1: Ball 2-1: Called Strike 2-2: Strikes out swinging
|
Batting: RHB Randy Rehling
|
0-0: Fly out, F7 (Flyball, 78M)
|
Top of the 4th over - 0 runs, 1 hit, 0 errors, 2 left on base; Gryfindor 0 - Tortolita 3 |
BOTTOM OF THE 4TH |
Tortolita Drummers batting - Pitching for Gryfindor Braves : RHP Harrison Dunning
|
Batting: RHB Dave Sienna
|
0-0: Called Strike 0-1: Ball 1-1: Ball 2-1: Fly out, F8 (Flyball, 8RM)
|
Batting: RHB Vincent Klein
|
0-0: Called Strike 0-1: Foul Ball, location: 2F 0-2: SINGLE (Groundball, 56D)
|
Batting: SHB Fernando Rincón
|
0-0: Called Strike 0-1: Ball 1-1: Foul Ball, location: 2F 1-2: Grounds into double play, 6-4-3 (Groundball, 6)
|
Bottom of the 4th over - 0 runs, 1 hit, 0 errors, 0 left on base; Gryfindor 0 - Tortolita 3 |
TOP OF THE 5TH |
Gryfindor Braves batting - Pitching for Tortolita Drummers : RHP Kabeya Kasongo
|
Batting: RHB Bob Petiet
|
0-0: Foul Ball, location: 2F 0-1: Ball 1-1: Ball 2-1: Ball 3-1: Called Strike 3-2: Base on Balls
|
Batting: RHB Ernesto Souza
|
0-0: Called Strike 0-1: Foul Ball, location: 2F 0-2: Strikes out swinging
|
Batting: LHB Tyler Knopp
|
0-0: Ball 1-0: Ball 2-0: Grounds into double play, 4-6-3 (Groundball, 4)
|
Top of the 5th over - 0 runs, 0 hits, 0 errors, 0 left on base; Gryfindor 0 - Tortolita 3 |
BOTTOM OF THE 5TH |
Tortolita Drummers batting - Pitching for Gryfindor Braves : RHP Harrison Dunning
|
Batting: RHB Scotty Glenn
|
0-0: Swinging Strike 0-1: Ground out 5-3 (Groundball, 5)
|
Batting: RHB Otis Brewer
|
0-0: Ground out 6-3 (Groundball, 6)
|
Batting: RHB Jesús Martínez
|
0-0: Called Strike 0-1: SINGLE (Groundball, 6MD)
|
Batting: LHB Glen Allen Mixon
|
0-0: Ball 1-0: Foul Ball, location: 2F 1-1: Foul Ball, location: 2F 1-2: Foul Ball, location: 2F 1-2: Foul Ball, location: 2F 1-2: Strikes out looking
|
Bottom of the 5th over - 0 runs, 1 hit, 0 errors, 1 left on base; Gryfindor 0 - Tortolita 3 |
TOP OF THE 6TH |
Gryfindor Braves batting - Pitching for Tortolita Drummers : RHP Kabeya Kasongo
|
Batting: RHB Javier López
|
0-0: Foul Ball, location: 2F 0-1: Ball 1-1: SINGLE (Groundball, 56D)
|
Batting: RHB Akke Derksen
|
0-0: Foul Ball, location: 2F 0-1: Ball 1-1: Called Strike 1-2: Ball 2-2: Ball 3-2: Base on Balls Javier López to second
|
Batting: LHB Robby Young
|
0-0: Ball 1-0: Ball 2-0: Called Strike 2-1: Ball 3-1: Grounds into double play, 4-6-3 (Groundball, 4) Javier López to third
|
Batting: LHB Austin Hathaway
|
0-0: Ball 1-0: Ball 2-0: Called Strike 2-1: Foul Ball, location: 2F 2-2: Ball 3-2: Base on Balls
|
Batting: LHB Cris Gonzáles
|
0-0: Ground out 4-3 (Groundball, 4MS)
|
Top of the 6th over - 0 runs, 1 hit, 0 errors, 2 left on base; Gryfindor 0 - Tortolita 3 |
BOTTOM OF THE 6TH |
Tortolita Drummers batting - Pitching for Gryfindor Braves : RHP Harrison Dunning
|
Batting: RHB Mun-wah Law
|
0-0: Ball 1-0: Ball 2-0: Foul Ball, location: 2F 2-1: Ball 3-1: DOUBLE (Line Drive, 7LD)
|
Batting: RHB Tomás Costello
|
0-0: Intentional Walk
|
Batting: RHB Dave Sienna
|
0-0: Ball 1-0: Called Strike 1-1: Foul Ball, location: 2F 1-2: Grounds into double play, 5-4-3 (Groundball, 56) Mun-wah Law to third
|
Batting: RHB Vincent Klein
|
0-0: Ball 1-0: Called Strike 1-1: Fly out, F8 (Flyball, 78D)
|
Bottom of the 6th over - 0 runs, 1 hit, 0 errors, 1 left on base; Gryfindor 0 - Tortolita 3 |
TOP OF THE 7TH |
Gryfindor Braves batting - Pitching for Tortolita Drummers : RHP Kabeya Kasongo
|
Batting: RHB Randy Rehling
|
0-0: Called Strike 0-1: Foul Ball, location: 2F 0-2: Ball 1-2: Ball 2-2: Strikes out looking
|
Batting: RHB Bob Petiet
|
0-0: Called Strike 0-1: Ball 1-1: Ground out 6-3 (Groundball, 6)
|
Batting: RHB Ernesto Souza
|
0-0: Ball 1-0: Ball 2-0: Foul Ball, location: 2F 2-1: Ground out 5-3 (Groundball, 5)
|
Top of the 7th over - 0 runs, 0 hits, 0 errors, 0 left on base; Gryfindor 0 - Tortolita 3 |
BOTTOM OF THE 7TH |
Tortolita Drummers batting - Pitching for Gryfindor Braves : RHP Harrison Dunning
|
Batting: SHB Fernando Rincón
|
0-0: Called Strike 0-1: Ball 1-1: Foul Ball, location: 2F 1-2: Ball 2-2: Foul Ball, location: 2F 2-2: Strikes out swinging
|
Batting: RHB Scotty Glenn
|
0-0: Foul Ball, location: 2F 0-1: Ball 1-1: Ground out 5-3 (Groundball, 5S)
|
Batting: RHB Otis Brewer
|
0-0: Ball 1-0: Called Strike 1-1: SINGLE (Groundball, 56D)
|
Batting: RHB Jesús Martínez
|
0-0: Called Strike 0-1: Ball 1-1: Foul Ball, location: 2F 1-2: Ball 2-2: Fielders Choice at 2nd, 6-4 (Groundball, 6)
|
Bottom of the 7th over - 0 runs, 1 hit, 0 errors, 1 left on base; Gryfindor 0 - Tortolita 3 |
TOP OF THE 8TH |
Gryfindor Braves batting - Pitching for Tortolita Drummers : RHP Kabeya Kasongo
|
Pitching: RHP Dave Seals
|
|
Batting: LHB Tyler Knopp
|
0-0: Ball 1-0: Ground out 6-3 (Groundball, 6)
|
Batting: RHB Javier López
|
0-0: Ball 1-0: SINGLE (Groundball, 4MD)
|
Batting: RHB Akke Derksen
|
0-0: Ball 1-0: Swinging Strike 1-1: Ball 2-1: Ball 3-1: Fly out, F9 (Flyball, 9LDF)
|
Batting: LHB Robby Young
|
0-0: Ball 1-0: Ground out 4-3 (Groundball, 4)
|
Top of the 8th over - 0 runs, 1 hit, 0 errors, 1 left on base; Gryfindor 0 - Tortolita 3 |
BOTTOM OF THE 8TH |
Tortolita Drummers batting - Pitching for Gryfindor Braves : RHP Harrison Dunning
|
Batting: LHB Glen Allen Mixon
|
0-0: Ball 1-0: Fly out, F7 (Flyball, 7LD)
|
Batting: RHB Mun-wah Law
|
0-0: Called Strike 0-1: Fly out, F9 (Flyball, 89S)
|
Batting: RHB Tomás Costello
|
0-0: Called Strike 0-1: Ball 1-1: Foul Ball, location: 2F 1-2: Foul Ball, location: 2F 1-2: Ball 2-2: SINGLE (Groundball, 34S) (infield hit)
|
Pitching: RHP Denver Milne
|
|
Batting: RHB Dave Sienna
|
0-0: Ground out 6-3 (Groundball, 6MD)
|
Bottom of the 8th over - 0 runs, 1 hit, 0 errors, 1 left on base; Gryfindor 0 - Tortolita 3 |
TOP OF THE 9TH |
Gryfindor Braves batting - Pitching for Tortolita Drummers : RHP Dave Seals
|
Pitching: RHP Briggs Bourgeois
|
|
Batting: LHB Austin Hathaway
|
0-0: Hit by Pitch
|
Batting: LHB Cris Gonzáles
|
0-0: Ball 1-0: Ball 2-0: SINGLE (Groundball, 15) (infield hit) Austin Hathaway to second
|
Batting: RHB Randy Rehling
|
0-0: SINGLE (Line Drive, 6D) Austin Hathaway to third Cris Gonzáles to second
|
Batting: RHB Bob Petiet
|
0-0: Called Strike 0-1: Ball 1-1: Foul Ball, location: 2F 1-2: Strikes out swinging
|
Batting: RHB Ernesto Souza
|
0-0: Called Strike 0-1: Ball 1-1: Called Strike 1-2: Ball 2-2: Foul Ball, location: 2F 2-2: Foul Ball, location: 2F 2-2: Ball 3-2: Foul Ball, location: 2F 3-2: Base on Balls Austin Hathaway scores Cris Gonzáles to third Randy Rehling to second
|
Batting: LHB Tyler Knopp
|
0-0: Grounds into double play, 4-2-3 (Groundball, 4M)
|
Top of the 9th over - 1 run, 2 hits, 0 errors, 2 left on base; Gryfindor 1 - Tortolita 3 |
|